IL
NORFOLK TIDES @ CHARLOTTE KNIGHTS
04/12/2047
 
TOP OF THE 1ST
Norfolk Tides batting - Pitching for Charlotte Knights : RHP Don Henley
Pitching: RHP Don Henley
Batting: RHB Bobby Melillo 0-0: Called Strike
0-1: Swinging Strike
0-2: Fly out, F2 (Popup, 2LF, EV 90.0 MPH)
Batting: LHB Pat Shaddock 0-0: Ball
1-0: Ball
2-0: Called Strike
2-1: Foul Ball, location: 2F
2-2: Foul Ball, location: 2F
2-2: Ball
3-2: DOUBLE (Line Drive, 78D, EV 106.2 MPH)
Batting: LHB Brian Feher 0-0: Ball
1-0: Ball
2-0: Swinging Strike
2-1: Ball
3-1: Called Strike
3-2: Strikes out looking
Batting: RHB Bobby Scholl 0-0: Ball
1-0: Swinging Strike
1-1: Ball
2-1: Foul Ball, location: 2F
2-2: Ball
3-2: Foul Ball, location: 2F
3-2: Ground out 5-3 (Groundball, 56, EV 100.0 MPH)
Top of the 1st over - 0 runs, 1 hit, 0 errors, 1 left on base; Norfolk 0 - Charlotte 0
BOTTOM OF THE 1ST
Charlotte Knights batting - Pitching for Norfolk Tides : RHP Ferri Adam
Pitching: RHP Ferri Adam
Batting: SHB Dan Lash 0-0: Ball
1-0: Ball
2-0: Fly out, F4 (Popup, 34D, EV 56.9 MPH)
Batting: LHB John Thurman 0-0: Foul Ball, location: 2F
0-1: Foul Ball, location: 2F
0-2: Strikes out swinging
Batting: LHB Larry Myers 0-0: Foul Ball, location: 2F
0-1: Ball
1-1: Ball
2-1: Swinging Strike
2-2: Ball
3-2: Foul Ball, location: 2F
3-2: SINGLE (Flyball, 6D, EV 84.4 MPH)
Batting: LHB Angel Tellez 0-0: Ball
1-0: Ball
2-0: Ball
3-0: Called Strike
3-1: Called Strike
3-2: Fly out, F2 (Popup, 5SF, EV 85.6 MPH)
Bottom of the 1st over - 0 runs, 1 hit, 0 errors, 1 left on base; Norfolk 0 - Charlotte 0
TOP OF THE 2ND
Norfolk Tides batting - Pitching for Charlotte Knights : RHP Don Henley
Batting: LHB Tyler Allen 0-0: Foul Ball, location: 2F
0-1: Ball
1-1: Foul Ball, location: 2F
1-2: SINGLE (Groundball, P, EV 92.5 MPH) (infield hit)
Batting: RHB Mario Saez 0-0: Called Strike
0-1: Foul Ball, location: 2F
0-2: Ball
1-2: Ball
2-2: Foul Ball, location: 2F
2-2: Ball
3-2: Foul Ball, location: 2F
3-2: SINGLE (Groundball, 56D, EV 96.2 MPH)
Tyler Allen to second
Tyler Allen to third
Batting: LHB Jose Fierro 0-0: Ball
1-0: Ball
2-0: Ground out 4-3 (Groundball, 34S, EV 80.6 MPH)
Tyler Allen scores
Mario Saez to second
Batting: RHB Logan Savarese 0-0: Ball
1-0: Ball
2-0: Called Strike
2-1: Ground out 6-3 (Groundball, 6, EV 103.1 MPH)
Batting: RHB Ryan Taylor 0-0: Foul Ball, location: 2F
0-1: Ball
1-1: Ball
2-1: Fly out, F6 (Line Drive, 6MD, EV 65.6 MPH)
Top of the 2nd over - 1 run, 2 hits, 0 errors, 1 left on base; Norfolk 1 - Charlotte 0
BOTTOM OF THE 2ND
Charlotte Knights batting - Pitching for Norfolk Tides : RHP Ferri Adam
Batting: RHB Guillermo Mojica 0-0: Ball
1-0: Foul Ball, location: 2F
1-1: SINGLE (Groundball, 5S, EV 65.6 MPH) (infield hit)
Batting: LHB Ricardo Pagan 0-0: Foul Ball, location: 2F
0-1: Fielders Choice at 2nd, 3-6 (Groundball, 3, EV 89.4 MPH)
Batting: RHB Vic Lucatero 0-0: Ball
Ricardo Pagan is caught stealing 2nd base 2-4
1-0: Called Strike
1-1: Reached on error, E9 (Line Drive, 9D, EV 91.2 MPH)
Batting: RHB Nick Kleckner 0-0: Called Strike
0-1: Called Strike
0-2: Ball
1-2: SINGLE (Flyball, 8LS, EV 88.1 MPH)
Vic Lucatero to third
Runner from 3rd tries for Home, SAFE, throw by CF to home
Nick Kleckner to second
Batting: RHB Santos Guadalupe 0-0: Called Strike
0-1: Called Strike
0-2: SINGLE (Line Drive, 89S, EV 104.4 MPH)
Nick Kleckner to third
Batting: SHB Dan Lash 0-0: Called Strike
0-1: Foul Ball, location: 2F
0-2: Ball
1-2: Foul Ball, location: 2F
1-2: Strikes out swinging
Bottom of the 2nd over - 1 run, 3 hits, 1 error, 2 left on base; Norfolk 1 - Charlotte 1
TOP OF THE 3RD
Norfolk Tides batting - Pitching for Charlotte Knights : RHP Don Henley
Batting: RHB Bobby Melillo 0-0: SINGLE (Groundball, 56D, EV 94.4 MPH)
Batting: LHB Pat Shaddock 0-0: Ball
1-0: Called Strike
1-1: Ball
2-1: Foul Ball, location: 2F
2-2: Strikes out looking
Batting: LHB Brian Feher 0-0: Ball
1-0: Foul Ball, location: 2F
1-1: Fielders Choice at 2nd, 4-6 (Groundball, 34S, EV 81.9 MPH)
Batting: RHB Bobby Scholl 0-0: Called Strike
0-1: Called Strike
Brian Feher steals 2nd base
0-2: Ball
1-2: Foul Ball, location: 2F
1-2: Foul Ball, location: 2F
1-2: Foul Ball, location: 2F
1-2: Ball
2-2: Ground out 5-3 (Groundball, 56, EV 86.2 MPH)
Top of the 3rd over - 0 runs, 1 hit, 0 errors, 1 left on base; Norfolk 1 - Charlotte 1
BOTTOM OF THE 3RD
Charlotte Knights batting - Pitching for Norfolk Tides : RHP Ferri Adam
Batting: LHB John Thurman 0-0: Ball
1-0: Foul Ball, location: 2F
1-1: Swinging Strike
1-2: Ball
2-2: Foul Ball, location: 2F
2-2: SINGLE (Line Drive, 8LS, EV 98.8 MPH)
Batting: LHB Larry Myers 0-0: Fielders Choice at 2nd, 4-6 (Groundball, 4, EV 85.6 MPH)
Batting: LHB Angel Tellez 0-0: Foul Ball, location: 2F
0-1: Swinging Strike
0-2: Foul Ball, location: 2F
0-2: Foul Ball, location: 2F
0-2: Ball
1-2: Foul Ball, location: 2F
1-2: Ball
2-2: Strikes out swinging
Batting: RHB Guillermo Mojica 0-0: Called Strike
0-1: Foul Ball, location: 2F
0-2: Ball
1-2: Fly out, F9 (Flyball, 89M, EV 86.2 MPH)
Bottom of the 3rd over - 0 runs, 1 hit, 0 errors, 1 left on base; Norfolk 1 - Charlotte 1
TOP OF THE 4TH
Norfolk Tides batting - Pitching for Charlotte Knights : RHP Don Henley
Batting: LHB Tyler Allen 0-0: Ball
1-0: Foul Ball, location: 2F
1-1: Foul Ball, location: 2F
1-2: Ball
2-2: Foul Ball, location: 2F
2-2: Foul Ball, location: 2F
2-2: Ball
3-2: Base on Balls
Batting: RHB Mario Saez 0-0: Ball
Tyler Allen steals 2nd base (no throw)
1-0: Ball
2-0: Called Strike
2-1: Called Strike
2-2: Strikes out swinging
Batting: LHB Jose Fierro 0-0: Ball
1-0: SINGLE (Groundball, 4MD, EV 108.1 MPH)
Tyler Allen to third
Runner from 3rd tries for Home, SAFE, throw by CF to home
Batting: RHB Logan Savarese 0-0: Called Strike
Jose Fierro steals 2nd, throwing error, E2
Jose Fierro to third
0-1: Foul Ball, location: 2F
0-2: Ball
1-2: Ball
2-2: Foul Ball, location: 2F
2-2: Ball
3-2: Ground out 4-3 (Groundball, 4MD, EV 90.6 MPH)
Jose Fierro scores
Batting: RHB Ryan Taylor 0-0: Called Strike
0-1: Called Strike
0-2: Foul Ball, location: 2F
0-2: Ball
1-2: Ball
2-2: Ball
3-2: Strikes out swinging
Top of the 4th over - 2 runs, 1 hit, 1 error, 0 left on base; Norfolk 3 - Charlotte 1
BOTTOM OF THE 4TH
Charlotte Knights batting - Pitching for Norfolk Tides : RHP Ferri Adam
Batting: LHB Ricardo Pagan 0-0: Ball
1-0: Ground out 5-3 (Groundball, 56, EV 102.5 MPH)
Batting: RHB Vic Lucatero 0-0: Swinging Strike
0-1: Ground out 6-3 (Groundball, 6, EV 88.8 MPH)
Batting: RHB Nick Kleckner 0-0: Ball
1-0: Ball
2-0: SINGLE (Groundball, 34D, EV 96.9 MPH)
Batting: RHB Santos Guadalupe 0-0: Ball
1-0: Foul Ball, location: 2F
1-1: Swinging Strike
1-2: Foul Ball, location: 2F
1-2: Ball
2-2: Ball
3-2: SINGLE (Line Drive, 34, EV 95.0 MPH)
Nick Kleckner to second
Nick Kleckner to third
Batting: SHB Dan Lash 0-0: Foul Ball, location: 2F
0-1: Foul Ball, location: 2F
0-2: Foul Ball, location: 2F
0-2: Ball
1-2: Hit by Pitch
Santos Guadalupe to second
Batting: LHB John Thurman 0-0: Ball
1-0: Ball
2-0: Called Strike
2-1: Swinging Strike
2-2: SINGLE (Groundball, 4MD, EV 101.9 MPH) (infield hit)
Nick Kleckner scores
Santos Guadalupe to third
Dan Lash to second
Batting: LHB Larry Myers 0-0: Called Strike
0-1: SINGLE (Groundball, 25, EV 68.1 MPH) (infield hit)
Santos Guadalupe scores
Dan Lash to third
John Thurman to second
Batting: LHB Angel Tellez 0-0: Ground out 4-3 (Groundball, 4, EV 102.5 MPH)
Bottom of the 4th over - 2 runs, 4 hits, 0 errors, 3 left on base; Norfolk 3 - Charlotte 3
TOP OF THE 5TH
Norfolk Tides batting - Pitching for Charlotte Knights : RHP Don Henley
Batting: RHB Bobby Melillo 0-0: Swinging Strike
0-1: Ground out 4-3 (Groundball, 4, EV 83.8 MPH)
Pitching: RHP Jake Milligan
Batting: LHB Pat Shaddock 0-0: Ball
1-0: Called Strike
1-1: Foul Ball, location: 2F
1-2: Ball
2-2: Ball
3-2: Ground out 6-3 (Groundball, 6, EV 80.6 MPH)
Batting: LHB Brian Feher 0-0: Fly out, F8 (Flyball, 8LD, EV 90.0 MPH)
Top of the 5th over - 0 runs, 0 hits, 0 errors, 0 left on base; Norfolk 3 - Charlotte 3
BOTTOM OF THE 5TH
Charlotte Knights batting - Pitching for Norfolk Tides : RHP Ferri Adam
Batting: RHB Guillermo Mojica 0-0: Called Strike
0-1: Fly out, F8 (Flyball, 89M, EV 89.4 MPH)
Batting: LHB Ricardo Pagan 0-0: Ground out 5-3 (Groundball, 56S, EV 92.5 MPH)
Batting: RHB Vic Lucatero 0-0: Ground out 6-3 (Groundball, 6, EV 99.4 MPH)
Bottom of the 5th over - 0 runs, 0 hits, 0 errors, 0 left on base; Norfolk 3 - Charlotte 3
TOP OF THE 6TH
Norfolk Tides batting - Pitching for Charlotte Knights : RHP Jake Milligan
Batting: RHB Bobby Scholl 0-0: Called Strike
0-1: Swinging Strike
0-2: Ball
1-2: Ball
2-2: Strikes out swinging
Batting: LHB Tyler Allen 0-0: Ball
1-0: Foul Ball, location: 2F
1-1: Foul Ball, location: 2F
1-2: Strikes out looking
Batting: RHB Mario Saez 0-0: Foul Ball, location: 2F
0-1: Ball
1-1: Swinging Strike
1-2: Strikes out swinging
Top of the 6th over - 0 runs, 0 hits, 0 errors, 0 left on base; Norfolk 3 - Charlotte 3
BOTTOM OF THE 6TH
Charlotte Knights batting - Pitching for Norfolk Tides : RHP Ferri Adam
Batting: RHB Nick Kleckner 0-0: Ball
1-0: Swinging Strike
1-1: Fly out, F7 (Flyball, 7D, EV 97.5 MPH)
Batting: RHB Santos Guadalupe 0-0: Swinging Strike
0-1: Ball
1-1: Ball
2-1: Fly out, F9 (Line Drive, 89S, EV 93.1 MPH)
Batting: SHB Dan Lash 0-0: Called Strike
0-1: Ground out U3 (Groundball, 3S, EV 83.1 MPH)
Bottom of the 6th over - 0 runs, 0 hits, 0 errors, 0 left on base; Norfolk 3 - Charlotte 3
TOP OF THE 7TH
Norfolk Tides batting - Pitching for Charlotte Knights : RHP Jake Milligan
Batting: LHB Jose Fierro 0-0: Fly out, F8 (Flyball, 8RXD, EV 97.5 MPH)
Batting: RHB Logan Savarese 0-0: Ball
1-0: Ball
2-0: Called Strike
2-1: Called Strike
2-2: Strikes out looking
Batting: RHB Ryan Taylor 0-0: Ball
1-0: Swinging Strike
1-1: Ball
2-1: Ball
3-1: SINGLE (Line Drive, 9LS, EV 94.4 MPH)
Batting: RHB Bobby Melillo 0-0: Swinging Strike
0-1: Hit by Pitch
Ryan Taylor to second
Batting: LHB Pat Shaddock 0-0: Ball
1-0: SINGLE (Flyball, 7LS, EV 96.9 MPH)
Ryan Taylor to third
Bobby Melillo to second
Runner from 3rd tries for Home, SAFE, throw by LF to home
Batting: LHB Brian Feher 0-0: Ball
1-0: Ball
2-0: Foul Ball, location: 2F
2-1: SINGLE (Groundball, 6, EV 96.9 MPH)
Bobby Melillo to third
Pat Shaddock to second
Runner from 3rd tries for Home, SAFE, throw by LF to home
Pitching: RHP Derrick Easley
Batting: RHB Bobby Scholl 0-0: Called Strike
0-1: Ball
1-1: Foul Ball, location: 2F
1-2: DOUBLE (Flyball, 78XD, EV 110.0 MPH)
Pat Shaddock scores
Brian Feher to third
Runner from 3rd tries for Home, SAFE, throw by CF to home
Batting: LHB Tyler Allen 0-0: Ball
1-0: Ground out 6-3 (Groundball, 6M, EV 90.6 MPH)
Top of the 7th over - 4 runs, 4 hits, 0 errors, 1 left on base; Norfolk 7 - Charlotte 3
BOTTOM OF THE 7TH
Charlotte Knights batting - Pitching for Norfolk Tides : RHP Ferri Adam
Pitching: LHP Angel Vidaurri
Now in CF: Andrew Erens
Batting: LHB John Thurman 0-0: Called Strike
0-1: SINGLE (Line Drive, 34D, EV 94.4 MPH)
Batting: LHB Larry Myers 0-0: Ball
1-0: Ball
2-0: Swinging Strike
2-1: Foul Ball, location: 2F
2-2: Foul Ball, location: 2F
2-2: Strikes out looking
Batting: LHB Angel Tellez 0-0: Ball
Pickoff Throw to First - Out! 1-3
1-0: Called Strike
1-1: Ball
2-1: Swinging Strike
2-2: Fly out, F8 (Flyball, 8LD, EV 87.5 MPH)
Bottom of the 7th over - 0 runs, 1 hit, 0 errors, 0 left on base; Norfolk 7 - Charlotte 3
TOP OF THE 8TH
Norfolk Tides batting - Pitching for Charlotte Knights : RHP Derrick Easley
Batting: RHB Mario Saez 0-0: Called Strike
0-1: Swinging Strike
0-2: Ground out 5-3 (Groundball, 56S, EV 93.8 MPH)
Batting: LHB Jose Fierro 0-0: Swinging Strike
0-1: Ball
1-1: Ball
2-1: Ball
3-1: Base on Balls
Batting: RHB Logan Savarese 0-0: Called Strike
0-1: Foul Ball, location: 2F
0-2: Ball
1-2: DOUBLE (Flyball, 7LD, EV 94.4 MPH)
Jose Fierro to third
Batting: LHB Andrew Erens 0-0: Foul Ball, location: 2F
0-1: Foul Ball, location: 2F
0-2: Ball
1-2: Ball
2-2: Fly out, F6 (Popup, 6, EV 63.1 MPH)
Batting: RHB Bobby Melillo 0-0: Called Strike
0-1: Ball
1-1: Ball
2-1: Called Strike
2-2: SINGLE (Groundball, 6MD, EV 98.1 MPH)
Jose Fierro scores
Logan Savarese to third
Runner from 3rd tries for Home, SAFE, throw by CF to home
Bobby Melillo to second
Pitching: LHP Ryan Daidone
Batting: LHB Pat Shaddock 0-0: Ball
1-0: Ground out 6-3 (Groundball, 6, EV 90.0 MPH)
Top of the 8th over - 2 runs, 2 hits, 0 errors, 1 left on base; Norfolk 9 - Charlotte 3
BOTTOM OF THE 8TH
Charlotte Knights batting - Pitching for Norfolk Tides : LHP Angel Vidaurri
Batting: RHB Guillermo Mojica 0-0: Called Strike
0-1: Ball
1-1: Swinging Strike
1-2: Strikes out swinging
Batting: LHB Ricardo Pagan 0-0: SINGLE (Groundball, 5S, EV 70.6 MPH) (infield hit)
Batting: RHB Vic Lucatero 0-0: Foul Ball, location: 2F
0-1: Ball
1-1: Ball
2-1: Foul Ball, location: 2F
2-2: Foul Ball, location: 2F
2-2: Foul Ball, location: 2F
2-2: Ball
3-2: Ground out 4-3 (Groundball, 4, EV 85.0 MPH)
Ricardo Pagan to second
Batting: RHB Nick Kleckner 0-0: Ball
1-0: Fly out, F8 (Flyball, 8LXD, EV 104.4 MPH)
Bottom of the 8th over - 0 runs, 1 hit, 0 errors, 1 left on base; Norfolk 9 - Charlotte 3
TOP OF THE 9TH
Norfolk Tides batting - Pitching for Charlotte Knights : LHP Ryan Daidone
Batting: LHB Brian Feher 0-0: SINGLE (Groundball, 25, EV 71.9 MPH) (infield hit)
Batting: RHB Bobby Scholl 0-0: Ball
1-0: Ball
2-0: Ball
3-0: Called Strike
3-1: Grounds into double play, 6-4-3 (Groundball, 6, EV 83.1 MPH)
Batting: LHB Tyler Allen 0-0: SINGLE (Groundball, 6S, EV 75.0 MPH) (infield hit)
Batting: RHB Mario Saez 0-0: Ball
1-0: Hit by Pitch
Tyler Allen to second
Batting: LHB Jose Fierro 0-0: Fielders Choice at 2nd, U6 (Groundball, 6M, EV 87.5 MPH)
Top of the 9th over - 0 runs, 2 hits, 0 errors, 2 left on base; Norfolk 9 - Charlotte 3
BOTTOM OF THE 9TH
Charlotte Knights batting - Pitching for Norfolk Tides : LHP Angel Vidaurri
Batting: RHB Santos Guadalupe 0-0: Ground out 4-3 (Groundball, 4, EV 96.9 MPH)
Batting: SHB Dan Lash 0-0: Ball
1-0: Foul Ball, location: 2F
1-1: Ball
2-1: Swinging Strike
2-2: Foul Ball, location: 2F
2-2: Ball
3-2: Foul Ball, location: 2F
3-2: Strikes out swinging
Batting: LHB John Thurman 0-0: Foul Ball, location: 2F
0-1: Ground out 4-3 (Groundball, 4S, EV 86.9 MPH)
Bottom of the 9th over - 0 runs, 0 hits, 0 errors, 0 left on base; Norfolk 9 - Charlotte 3
Thursday, December 15th , 2022 - OOTP Baseball 23.9 Build 102